 Dungeon Crawl Stone Soup version 0.29-a0-1027-gcd8c55af63 (webtiles) character file.

Game seed: 5488647551518961278

8594 timneilson the Protected (level 11, 0/67 HPs)
             Began as a Gargoyle Fighter on Aug 13, 2022.
             Was a High Priest of Okawaru.
             Slain by a wolf spider simulacrum (26 damage)
             ... in a Gauntlet.
             The game lasted 00:34:33 (10679 turns).

timneilson the Protected (Gargoyle Fighter)        Turns: 10679, Time: 00:34:34

Health: 0/67       AC: 32    Str: 26    XL:     11   Next: 33%
Magic:  21/23      EV: 12    Int: 13    God:    Okawaru [*****.]
Gold:   1038       SH:  7    Dex:  9    Spells: 10/10 levels left

rFire   + . .      SeeInvis .   F - +5 scimitar (freeze)
rCold   . . .      Faith    .   c - +1 buckler
rNeg    + . .      Spirit   .   p - +1 plate armour of Doloympa {rC- MP+9 Str+2 Int+4}
rPois   ∞          Reflect  .   k - +2 helmet
rElec   +          Harm     .   i - +1 cloak
rCorr   +          Rampage  .   A - +0 pair of gloves
Will    +....      NoTele   +   d - +0 pair of boots
Stlth   ..........              s - amulet of regeneration
HPRegen 1.01/turn               g - ring of willpower
MPRegen 0.18/turn               e - +4 ring of evasion

@: resistant, finesse-ful
A: sickness immunity, AC +8, negative energy resistance 1, electricity
resistance, torment resistance 1, petrification resistance
a: Renounce Religion, Heroism, Finesse, Duel


You were in a Gauntlet.
You worshipped Okawaru.
Okawaru was extremely pleased with you.
You visited 2 branches of the dungeon, and saw 12 of its levels.
You also visited: Sewer, Ossuary and Gauntlet.

You collected 1038 gold pieces.

Inventory:

Hand Weapons
 a - a +0 long sword
 F - a +5 scimitar of freezing (weapon)
Missiles
 G - 6 silver javelins (quivered)
Armour
 c - a +1 buckler (worn)
 d - a +0 pair of boots (worn)
 i - a +1 cloak (worn)
 k - a +2 helmet (worn)
 p - the +1 plate armour of Doloympa (worn) {rC- MP+9 Str+2 Int+4}
   (You found it on level 4 of the Dungeon)

   Str:       It affects your strength (+2).
   Int:       It affects your intelligence (+4).
   rC:        It makes you vulnerable to cold.
   MP:        It affects your magic capacity (+9).
 A - a +0 pair of gloves (worn)
Jewellery
 e - a +4 ring of evasion (right hand)
 g - a ring of willpower (left hand)
 s - an amulet of regeneration (around neck)
Wands
 m - a wand of flame (9)
 C - a wand of digging (7)
Scrolls
 b - a scroll of identify
 f - 2 scrolls of enchant armour
 w - 3 scrolls of fear
 x - 2 scrolls of teleportation
 y - a scroll of amnesia
 B - a scroll of poison
 D - a scroll of immolation
Potions
 h - 3 potions of attraction
 j - 2 potions of mutation
 l - 10 potions of curing
 n - a potion of lignification
 o - a potion of magic
 r - 3 potions of flight
 t - a potion of haste
 u - a potion of resistance
 v - a potion of ambrosia
 z - a potion of heal wounds
 E - 2 potions of brilliance


   Skills:
 + Level 7.0 Fighting
 * Level 7.7 Long Blades
 * Level 9.5 Armour
 + Level 4.4 Dodging
 * Level 9.5 Shields
 + Level 4.9 Invocations
 + Level 3.8 Evocations


You had 10 spell levels left.
You didn't know any spells.
Your spell library contained the following spells:

 Spells                   Type           Power      Damage    Failure   Level
 Apportation              Tloc           0%         N/A       98%         1
 Necrotise                Necr           0%         1d4       98%         1
 Ensorcelled Hibernation  Hex/Ice        0%         N/A       99%         2
 Passwall                 Tmut/Erth      0%         N/A       99%         2
 Poisonous Vapours        Pois/Air       0%         N/A       99%         2
 Scorch                   Fire           0%         2d5       99%         2
 Portal Projectile        Hex/Tloc       0%         N/A       100%        3
 Swiftness                Air            0%         N/A       100%        3
 Corpse Rot               Necr/Pois/Air  0%         N/A       100%        4
 Flame Wave               Conj/Fire      0%         2d4       100%        4
 Leda's Liquefaction      Hex/Erth       0%         N/A       100%        4
 Storm Form               Tmut/Air       0%         N/A       100%        7
 Maxwell's Capacitive Co  Air            0%         ∞         100%        8
 Summon Small Mammal      Summ           Unusable   N/A       N/A         1
 Call Canine Familiar     Summ           Unusable   N/A       N/A         3
 Summon Lightning Spire   Summ/Air       Unusable   N/A       N/A         4
 Summon Cactus Giant      Summ           Unusable   N/A       N/A         6

Dungeon Overview and Level Annotations

Branches:
Dungeon (11/15)            Temple (1/1) D:5             Orc (0/2) D:9
  Sewer (visited)         Ossuary (visited)         Gauntlet (1/1)
   Lair: D:8-11

Altars:
Ashenzari
Cheibriados
Dithmenos
Elyvilon
Fedhas
Gozag
Hepliaklqana
Kikubaaqudgha
Makhleb
Nemelex Xobeh
Okawaru
Qazlal
Ru
Sif Muna
Trog
Uskayaw
Vehumet
Wu Jian
Xom
Yredelemnul
Zin
The Shining One

Shops:
D:1 *

Annotations:
Gauntlet 13 transporters, exclusion: orange crystal statue


Innate Abilities, Weirdness & Mutations

You are immune to sickness and miasma.
Your stone body is resilient. (AC +8)
You are immune to poison.
You resist negative energy. (rN+)
You are resistant to electric shocks. (rElec)
You are resistant to unholy torment.
You are immune to petrification.


Message History

The harpy simulacrum barely misses you. x2
You slash the harpy simulacrum!
The harpy simulacrum is heavily damaged.
You block the harpy simulacrum's attack.
The harpy simulacrum closely misses you.
You feel protected.
The harpy simulacrum closely misses you. x2
The centaur warrior simulacrum hits you but does no damage.
The centaur warrior simulacrum barely misses you.
You block the harpy simulacrum's attack.
The harpy simulacrum claws you but does no damage.
The centaur warrior simulacrum barely misses you. x2
You slash the harpy simulacrum!
The harpy simulacrum vaporises!
Okawaru accepts your kill.
You slash the centaur warrior simulacrum!
The centaur warrior simulacrum is severely damaged.
The centaur warrior simulacrum hits you but does no damage.
The centaur warrior simulacrum barely misses you.
You completely miss the centaur warrior simulacrum.
The centaur warrior simulacrum is severely damaged.
You slash the centaur warrior simulacrum!
The centaur warrior simulacrum vaporises!
Okawaru accepts your kill.
Your base Fighting skill increases to level 7!
You feel like a meek peon again.
The wolf spider simulacrum enters a dispersal trap!
You blink.
The wolf spider simulacrum blinks!
The wolf spider simulacrum hits you! The wolf spider simulacrum freezes you!
You block the wolf spider simulacrum's attack.
You slash the wolf spider simulacrum!
The wolf spider simulacrum is moderately damaged.
The wolf spider simulacrum hits you but does no damage.
You block the wolf spider simulacrum's attack.
You hit the wolf spider simulacrum but do no damage.
The wolf spider simulacrum is moderately damaged.
You block the wolf spider simulacrum's attack.
The wolf spider simulacrum bites you.
The wolf spider simulacrum freezes you!!
You die...

....≈8§....#######.#######.....≈#
.....≈.....#©...........©#......#
####...#######################..#
".##...##©##....^#≈#..:[©.(..#..#
.#G#...#.##.###^.#≈#..#...#..#..#
#.G#...#.#.##.##.#≈#.#######.#..#
..G#...#.#.#.#.#.#≈##..#^#.2##..#
...#...#.^.#©#.#.#8#h...©....#..#
...#...#.#.#.#.#@#§##.^#.#..##..#
#..#...#.##.##.#Z#≈#2##...##.#..#
.#.#...#.^###.##[#§#..#...#..#..#
uG##...#^....##=.#≈#...#.#...#..#
####...#######################..#
.....§.....#©...........©#......#
....≈8§....#######.#######.....≈#
.....≈...........#.#........#####
####...###########.#........#8#


You could see a hellion, a hell hound and a wolf spider simulacrum.

Vanquished Creatures
  Psyche (D:10)
  A komodo dragon (D:10)
  A queen bee (Gauntlet)
  A troll (D:11)
  A hornet (D:11)
  2 centaur simulacra (Gauntlet)
  A shadow (D:10)
  11 yaks
  A wraith (D:10)
  5 wyverns
  A basilisk (D:11)
  A harpy simulacrum (Gauntlet)
  An acid dragon (D:10)
  A water moccasin (D:6)
  3 orc warriors (D:9)
  2 black bears (D:5)
  An ice beast (D:7)
  3 centaurs
  A kobold brigand (D:7)
  A phantom (D:5)
  3 bullfrogs
  A necrophage (D:7)
  3 scorpions
  12 wights
  10 killer bees
  5 howler monkeys
  2 hounds
  6 jellies
  8 orc priests
  3 iguanas
  17 orc wizards
  8 mummies (Ossuary)
  3 gnolls (D:4)
  9 adders
  2 shadow imps
  3 white imps
  An ufetubus (D:5)
  2 worms
  2 dart slugs
  54 orcs
  18 endoplasms
  14 giant cockroaches
  A gnoll zombie (Ossuary)
  7 goblins
  7 hobgoblins
  13 kobolds
  3 quokkas
  11 ball pythons
  4 bats
  8 frilled lizards
  4 hobgoblin zombies (Ossuary)
  A kobold zombie (Ossuary)
  2 orc zombies (Ossuary)
  11 rats
298 creatures vanquished.

Vanquished Creatures (others)
  An orc wizard (D:5)
  6 plants (D:2)
7 creatures vanquished.

Grand Total: 305 creatures vanquished

Notes
Turn   | Place    | Note
-------+----------+-------------------------------------------
     0 | D:1      | timneilson the Gargoyle Fighter began the quest for the
                  | Orb.
     0 | D:1      | Reached XP level 1. HP: 14/14 MP: 1/1
   223 | D:1      | Reached XP level 2. HP: 12/19 MP: 2/2
   598 | D:1      | Found Puaverauf's Assorted Antiques.
   660 | D:1      | Found a faded altar of an unknown god.
   992 | D:2      | Reached XP level 3. HP: 20/23 MP: 3/3
  1807 | D:2      | Reached XP level 4. HP: 19/28 MP: 4/4
  2787 | D:3      | Found a sacrificial altar of Ru.
  2855 | D:4      | Reached XP level 5. HP: 31/33 MP: 5/5
  3017 | D:4      | Reached skill level 1 in Dodging
  3038 | D:4      | Reached XP level 6. HP: 9/38 MP: 6/6
  3333 | D:4      | Identified the +1 plate armour of Doloympa {rC- MP+9 Str+2
                  | Int+4}
  3931 | D:5      | Entered Level 5 of the Dungeon
  3931 | D:5      | Found a shimmering blue altar of Sif Muna.
  3986 | D:5      | Noticed a black bear
  4007 | D:5      | Killed a black bear
  4008 | D:5      | Reached skill level 5 in Shields
  4043 | D:5      | Reached skill level 5 in Armour
  4043 | D:5      | Reached XP level 7. HP: 35/43 MP: 7/7
  4090 | D:5      | Found a sand-covered staircase.
  4155 | Ossuary  | Entered an ossuary
  4248 | Ossuary  | Reached XP level 8. HP: 36/48 MP: 8/8
  4418 | D:5      | Found a glowing drain.
  4472 | Sewer    | Entered a sewer
  4670 | Sewer    | Found a viscous altar of Jiyva.
  4900 | D:5      | Found a staircase to the Ecumenical Temple.
  4909 | Temple   | Entered the Ecumenical Temple
  4942 | Temple   | Became a worshipper of Warmaster Okawaru
  5142 | D:5      | Found a glowing golden altar of the Shining One.
  5652 | D:6      | Reached skill level 5 in Fighting
  5652 | D:6      | Reached skill level 5 in Long Blades
  6183 | D:6      | Reached skill level 1 in Invocations
  6676 | D:7      | Noticed a yak
  6677 | D:7      | Noticed a yak
  6677 | D:7      | Noticed a yak
  6678 | D:7      | Noticed a yak
  6678 | D:7      | Noticed a yak
  6689 | D:7      | Killed a yak
  6689 | D:7      | Reached * piety under Okawaru
  6690 | D:7      | Reached skill level 1 in Evocations
  6697 | D:7      | Killed a yak
  6698 | D:7      | Reached XP level 9. HP: 50/54 MP: 6/10
  7015 | D:7      | Found an opulent altar of Gozag.
  7091 | D:7      | Reached ** piety under Okawaru
  8169 | D:8      | Reached XP level 10. HP: 53/60 MP: 12/12
  8726 | D:9      | Reached *** piety under Okawaru
  8906 | D:9      | Noticed a five-headed hydra
  9117 | D:9      | Found a staircase to the Orcish Mines.
  9401 | D:9      | Reached **** piety under Okawaru
  9519 | D:10     | Entered Level 10 of the Dungeon
  9538 | D:10     | Noticed Psyche
  9545 | D:10     | Killed Psyche
  9552 | D:10     | Reached ***** piety under Okawaru
  9650 | D:10     | Reached XP level 11. HP: 45/66 MP: 14/14
  9999 | D:11     | Received a gift from Okawaru
 10168 | D:11     | Found a gate leading to a gauntlet.
 10182 | Gauntlet | Entered a Gauntlet
 10182 | Gauntlet | Found a transporter.
 10182 | Gauntlet | Found a transporter.
 10186 | Gauntlet | Found a transporter.
 10186 | Gauntlet | Found a transporter.
 10193 | Gauntlet | Noticed a brown ugly thing
 10195 | Gauntlet | Found a transporter.
 10214 | Gauntlet | Found a transporter.
 10217 | Gauntlet | Noticed a great orb of eyes
 10224 | Gauntlet | Found a transporter.
 10224 | Gauntlet | Found a transporter.
 10224 | Gauntlet | Noticed an orange crystal statue
 10248 | Gauntlet | Found a transporter.
 10255 | Gauntlet | Found a transporter.
 10267 | Gauntlet | Found a transporter.
 10313 | Gauntlet | Found a transporter.
 10322 | Gauntlet | Found a transporter.
 10338 | Gauntlet | Found a transporter.
 10439 | Gauntlet | Found a transporter.
 10460 | Gauntlet | Found a transporter.
 10679 | Gauntlet | Slain by a wolf spider simulacrum

Illustrated notes

Levels and vault maps discovered:
D:1:      mrwooster_arrival_statue_2, layout_loops_cross,
          dreamdust_ecumenical_altar_angels_and_demons, serial_shops, shop
D:2:      layout_rooms, serial_bayou, serial_bayou_pond_d, serial_bayou_pond_b,
          serial_bayou_pond_d, serial_bayou_lagoon_b, serial_bayou_pond_c,
          serial_bayou_crossing, kennysheep_cluttered_room
D:3:      layout_loops_cross, nicolae_ru_path_of_blood
D:4:      layout_loops_cross
D:5:      layout_rooms, mainiacjoe_overflow_large_starburst,
          minmay_temple_entry_stoned_glass, chequers_ossuary_entry_cave,
          gup_sewer_entry_glass, hangedman_abyss_or_decor_passed
D:6:      layout_loops_corners, minivault_5, dk_noncrumbling_2
D:7:      layout_basic, mainiacjoe_overflow_small_starburst
D:8:      layout_basic, kennysheep_generic_room_3
D:9:      layout_roguey, lair_entry_dummy, hiddenorc2_lemuel, serial_glass,
          glass_columns_a, glass_columns_b, glass_columns_c, glass_columns_b,
          glass_columns_c, glass_columns_c
D:10:     layout_big_octagon, uniq_psyche
D:11:     layout_rooms, gauntlet_entry_generic
Temple:   nicolae_temple_bog_church
Gauntlet: gammafunk_gauntlet_branching [nicolae_gauntlet_arena_t_cross,
          gammafunk_gauntlet_arena_split_x, gammafunk_gauntlet_arena_chambers,
          gammafunk_gauntlet_arena_spirals, nicolae_gauntlet_arena_x,
          nicolae_gauntlet_swirl, gammafunk_gauntlet_arena_teeth,
          gammafunk_gauntlet_arena_grid, gauntlet_exit_watery]

Skill      XL: |  1  2  3  4  5  6  7  8  9 10 11 |
---------------+----------------------------------+-----
Long Blades    | 2 3 4 5 6 7 |  7.7
Shields        | 4 5 6 7 9 |  9.5
Armour         | 4 5 6 7 9 |  9.5
Dodging        | 1 2 3 4 |  4.4
Fighting       | 4 5 6 7 |  7.0
Invocations    | 1 3 4 |  4.9
Evocations     | 1 2 3 |  3.8

Action                   |  1- 3 |  4- 6 |  7- 9 | 10-12 || total
-------------------------+-------+-------+-------+-------++-------
Melee: Long sword        |   128 |   255 |   677 |       ||  1060
       Scimitar          |       |       |    64 |   415 ||   479
Invok: Heroism           |       |       |     2 |     3 ||     5
       Finesse           |       |       |       |     1 ||     1
  Use: Scroll            |     2 |     7 |    11 |     5 ||    25
       Potion            |       |     2 |     7 |     3 ||    12
Armor: Scale mail        |    72 |   161 |   532 |   113 ||   878
       Plate armour      |       |       |       |   158 ||   158
Dodge: Dodged            |    63 |   144 |   406 |   225 ||   838
Block: Buckler           |    28 |    54 |   194 |   133 ||   409

Table legend: (Time is in decaauts)
 A = Elapsed time spent in this place.
 B = Non-inter-level travel time spent in this place.
 C = Inter-level travel time spent in this place.
 D = Time resting spent in this place.
 E = Time spent auto-exploring this place.
 F = Levels seen in this place.
 G = Mean time per level.
                   A        B        C        D        E       F      G
               +--------+--------+--------+--------+--------+-----+--------+
         Total |  11003 |  10770 |    233 |     65 |   6802 |  15 |  733.5 |
       Dungeon |   9619 |   9391 |    228 |     40 |   6214 |  11 |  874.5 |
        Temple |    169 |    164 |      5 |      0 |    145 |   1 |  169.0 |
         Sewer |    476 |    476 |      0 |     25 |    118 |   1 |  476.0 |
       Ossuary |    252 |    252 |      0 |      0 |     46 |   1 |  252.0 |
      Gauntlet |    484 |    484 |      0 |      0 |    279 |   1 |  484.0 |
               +--------+--------+--------+--------+--------+-----+--------+

Top non-repeatable levels by time:
     D:2: 1291 daAuts
     D:8: 1154 daAuts
     D:4: 1150 daAuts
     D:6: 1070 daAuts
     D:7: 1031 daAuts
     D:1: 899 daAuts
     D:5: 864 daAuts
     D:9: 780 daAuts
     D:3: 710 daAuts
Gauntlet: 484 daAuts
   Sewer: 476 daAuts
    D:10: 435 daAuts
 Ossuary: 252 daAuts
    D:11: 231 daAuts
  Temple: 169 daAuts
